 Dungeon Crawl Stone Soup version 0.31.0-9-g3a7656b989 (webtiles) character file.

Game seed: 590545654669418913

81 qw the Shooter (level 4, -1/25 HPs)
             Began as a Deep Elf Hunter on Feb 2, 2024.
             Slain by Robin
             ... wielding a +0 falchion of holy wrath
              (5 damage)
             ... on level 3 of the Dungeon.
             The game lasted 00:00:05 (1586 turns).

qw the Shooter (Deep Elf Hunter)                    Turns: 1586, Time: 00:00:06

Health: -1/25      AC:  4    Str: 10    XL:     4   Next: 20%
Magic:  0/6        EV: 12    Int: 14    God:
Gold:   112        SH:  0    Dex: 18    Spells: 3/3 levels left

rFire   . . .        a - +0 shortbow
rCold   . . .        (shield currently unavailable)
rNeg    . . .        c - +0 leather armour
rPois   .            b - +0 helmet
rElec   .            (no cloak)
rCorr   .            (no gloves)
SInv    .            (no boots)
Will    .....        l - amulet of guardian spirit
Stlth   ++           (no ring)
HPRegen 0.24/turn    (no ring)
MPRegen 0.10/turn

%: guardian spirit
@: no status effects
A: no striking features
a: no special abilities


You were on level 3 of the Dungeon.
You visited 1 branch of the dungeon, and saw 3 of its levels.

You collected 112 gold pieces.


   Skills:
 - Level 1.5 Fighting
 + Level 7.6 Ranged Weapons
 - Level 2.4 Dodging
 - Level 1.2 Stealth


You had 3 spell levels left.
You didn't know any spells.
Your spell library was empty.

Inventory:

Hand Weapons
 a - a +0 shortbow (weapon)
Armour
 b - a +0 helmet (worn)
 c - a +0 leather armour (worn)
Jewellery
 l - an amulet of guardian spirit (around neck)
Wands
 j - a wand of polymorph (8)
Scrolls
 d - a scroll of silence {unknown}
 e - a scroll of enchant armour {unknown}
 f - a scroll of identify
Potions
 g - a potion of cancellation {unknown}
 h - a potion of invisibility {unknown}
 i - a potion of curing {unknown}
 k - a potion of might {unknown}
 m - a potion of attraction {unknown}

Dungeon Overview and Level Annotations

Branches:
Dungeon (3/15)

Altars:
Yredelemnul

Annotations:
D:3 Robin


Message History

The goblin barely misses you.
Robin roars a battlecry!
The goblin goes into a battle-frenzy!
The goblin barely misses you.
You shoot an arrow. The arrow barely misses the goblin.
The goblin hits you with a +0 dagger.
You shoot an arrow. The arrow hits the goblin.
The goblin is severely wounded.
The goblin hits you with a +0 dagger.
You shoot an arrow.
The arrow hits Robin but does no damage.
Robin is severely wounded.
The goblin hits you with a +0 dagger. Robin barely misses you.
You shoot an arrow. The arrow closely misses Robin.
The goblin barely misses you. Robin misses you.
You shoot an arrow. The arrow closely misses Robin.
The goblin hits you but does no damage.
Robin hits you with a +0 falchion of holy wrath.
You shoot an arrow.
The arrow hits Robin but does no damage.
Robin is severely wounded.
The goblin hits you with a +0 dagger.
Robin hits you with a +0 falchion of holy wrath.
You shoot an arrow.
The arrow hits Robin but does no damage.
Robin is severely wounded.
The goblin hits you with a +0 dagger.
Robin says, "Kneel, worm!"
Robin barely misses you.
You shoot an arrow. The arrow closely misses Robin.
The goblin barely misses you.
Robin hits you with a +0 falchion of holy wrath!
You shoot an arrow. The arrow hits Robin.
Robin is severely wounded.
Robin closely misses you. The goblin closely misses you.
You shoot an arrow. The arrow barely misses Robin.
The goblin hits you but does no damage.
Robin hits you with a +0 falchion of holy wrath.
You die...
Robin calls out, "Let's celebrate!
Time for a feast!"

.###.....###.###.....#
.# ##...## #.###.###.#
## ##.## #.##.## #.#
#..)## #.# ###.# ##+##
#.## ##...## ##.##
##.....## ##g###.#
##.......## #@)..#
##.........# #..g.##
.+.........+ .........
##.........####.###.###
##<......## #. .#
##.....## #. #
###...### #. #.......#
## #.##.##.#


You could see Robin and a goblin (strong).

Vanquished Creatures
  A bombardier beetle (D:3)
  4 endoplasms
  A giant cockroach (D:1)
  2 goblins
  8 hobgoblins
  9 jackals
  4 kobolds
  A ball python (D:1)
  4 bats
  4 frilled lizards
  3 rats
41 creatures vanquished.

Notes
Turn   | Place    | Note
-------+----------+-------------------------------------------
     0 | D:1      | qw the Deep Elf Hunter began the quest for the Orb.
     0 | D:1      | Reached XP level 1. HP: 12/12 MP: 3/3
     0 | D:1      | 0 ||| qw: Version: 0.3-a-155-g5e7d8dd
     0 | D:1      | 0 ||| qw: Game counter: 677
     0 | D:1      | 0 ||| qw: Melee chars always use a shield: true
     0 | D:1      | 0 ||| qw: God list: Okawaru
     0 | D:1      | 0 ||| qw: Allow faded altars: false
     0 | D:1      | 0 ||| qw: Do Orc after clearing Dungeon:15 true
     0 | D:1      | 0 ||| qw: Do second Lair branch before Depths: true
     0 | D:1      | 0 ||| qw: Lair rune preference: random
     0 | D:1      | 0 ||| qw: Goals: Normal
     0 | D:1      | 0 ||| PLANNING D:1-11
    93 | D:1      | Found a faded altar of an unknown god.
   208 | D:1      | Reached skill level 6 in Ranged Weapons
   208 | D:1      | Reached XP level 2. HP: 16/16 MP: 4/4
   868 | D:1      | 868 ||| READING scroll labelled VAULEU RIUPS.
   872 | D:1      | 872 ||| READING scroll labelled WOILOIFUDD.
   973 | D:1      | 973 ||| READING scroll labelled TUUSHR FINEEPNO.
   973 | D:1      | 973 ||| IDENTIFYING cyan potion
   974 | D:1      | 974 ||| DROPPING scroll of butterflies.
   975 | D:1      | 975 ||| DROPPING potion of brilliance.
  1075 | D:2      | Reached XP level 3. HP: 15/20 MP: 5/5
  1135 | D:2      | Found a basalt altar of Yredelemnul.
  1429 | D:2      | 1429 ||| UPGRADING to +0 helmet.
  1434 | D:2      | 1434 ||| UPGRADING to amulet of guardian spirit.
  1439 | D:2      | 1439 ||| READING scroll of identify.
  1439 | D:2      | 1439 ||| IDENTIFYING murky silvery potion
  1440 | D:2      | 1440 ||| READING scroll labelled RIMMU XOXIL.
  1441 | D:2      | 1441 ||| DROPPING potion of lignification.
  1509 | D:3      | Reached skill level 7 in Ranged Weapons
  1509 | D:3      | Reached XP level 4. HP: 25/25 MP: 6/6
  1574 | D:3      | Noticed Robin
  1584 | D:3      | HP: 3/25 [Robin/+0 falchion of holy wrath (6)]
  1586 | D:3      | Slain by Robin

Levels and vault maps discovered:
D:1:      dpeg_arrival_orchard, layout_basic,
          hellmonk_ecumenical_altar_slurped_away
D:2:      layout_rooms, basic_altar, kennysheep_another_room, amethyst_killhole
D:3:      layout_loops_corners, uniq_robin

Skill      XL: |  1  2  3 |
---------------+----------+-----
Ranged Weapons | 6 7 |  7.6
Fighting       | |  1.5
Dodging        | |  2.4
Stealth        | |  1.2

Action                     |  1- 3 |  4- 6 || total
---------------------------+-------+-------++-------
   Fire: Shortbow          |   106 |    26 ||   132
    Use: Scroll            |     5 |       ||     5
 Armour: Leather armour    |    28 |    14 ||    42
  Dodge: Dodged            |    30 |     9 ||    39

Table legend:
 A = Non-vault XP
 B = Vault XP
 C = Vault XP percentage of total XP
 D = Non-vault monster count
 E = Vault monster count
 F = Vault count percentage of total count
                 A         B        C        D         E       F
            +---------+---------+-------+---------+---------+-------
      Total |     105 |      12 |  10.3 |      35 |       6 |  14.6
            +---------+---------+-------+---------+---------+-------
        D:1 |      28 |       2 |   6.7 |      17 |       1 |   5.6
        D:2 |      25 |       0 |   0.0 |      15 |       0 |   0.0
        D:3 |      52 |      10 |  16.1 |       3 |       5 |  62.5
            +---------+---------+-------+---------+---------+-------
